 Dungeon Crawl Stone Soup version 0.19.0-20-gbc5f0c6 (webtiles) character file.

23 RaHiT the Ducker (level 3, 0/28 HPs)
             Began as a Human Wanderer on Nov 17, 2016.
             Slain by a kobold
             ... wielding a +0 dagger of draining
              (5 damage)
             ... on level 1 of the Dungeon.
             The game lasted 00:06:11 (687 turns).

RaHiT the Ducker (Human Wanderer)                    Turns: 687, Time: 00:06:12

Health: 0/28       AC:  2    Str: 14    XL:     3   Next: 10%
Magic:  3/3        EV: 12    Int: 13    God:
Gold:   18         SH:  0    Dex: 10    Spells: 0 memorised, 2 levels left

rFire  . . .     SeeInvis .     a - +2 dagger
rCold  . . .     Gourm    .     f - +0 robe
rNeg   . . .     Faith    .     (no shield)
rPois  .         Spirit   .     (no helmet)
rElec  .         Reflect  .     (no cloak)
rCorr  .         Harm     .     (no gloves)
MR     .....                    (no boots)
Stlth  ++........               k - amulet of rage
                                (no ring)
                                (no ring)

@: heavily drained
A: no striking features
a: Evoke Berserk Rage


You were on level 1 of the Dungeon.
You were not hungry.

You visited 1 branch of the dungeon, and saw 1 of its levels.

You collected 18 gold pieces.

Inventory:

Hand Weapons
 a - a +2 dagger (weapon)
 c - a +0 quarterstaff
 e - a +0 blowgun
Missiles
 d - 25 poisoned needles
 j - 15 arrows
 p - 19 stones (quivered)
Armour
 f - a +0 robe (worn)
Jewellery
 k - an amulet of rage (around neck)
Scrolls
 n - a scroll of enchant armour {unknown}
 o - a scroll of noise {unknown}
Potions
 b - a potion of haste
 h - a potion of invisibility {unknown}
 l - a potion of might {unknown}
 m - a potion of mutation {unknown}
Comestibles
 g - a bread ration
 i - 2 chunks of flesh
 q - 3 fruits


   Skills:
 * Level 2.4(1.0) Fighting
   Level 2.0(0.6) Long Blades
 - Level 1.0(0.0) Throwing
 - Level 3.0(1.6) Dodging
 - Level 3.0(1.6) Stealth
 - Level 1.0(0.0) Evocations


You had 2 spell levels left.
You didn't know any spells.

Dungeon Overview and Level Annotations

Branches:
Dungeon (1/15)

Altars:


Message History

The kobold hits you but does no damage.
You feel drained.
You barely miss the kobold.
The kobold is severely wounded.
The kobold hits you with a dagger of draining.
* * * LOW HITPOINT WARNING * * *
You feel drained.
You closely miss the kobold.
The kobold is severely wounded.
The kobold hits you with a dagger of draining.
* * * LOW HITPOINT WARNING * * *
You feel drained.
* * * LOW HITPOINT WARNING * * *
You see here a stone.
A kobold comes into view. It is wielding a club.
Throwing (i - inventory):
p - 20 stones (quivered)
Press: ? - help, Shift-Dir - straight line, f/p - kobold
Aim: a kobold, wielding a dagger of draining (moderately wounded)
You throw a stone. The stone closely misses the kobold.
The kobold hits you with a dagger of draining.
You die...

##### #...# #...# ## #...#
########### #.
####...###.........# #.
>).'.....+.........#############.
.###....##.......................
.####....(.....K@.............)..
....#...........###..............
....#...........# #..............
....#...........# ####....######.
....#.....#+##########....#######
....'.......(.....?(.'....'.....'
....#...#...#######.##....#######
....#...##.......##.##...........
....#.............#K##.....######


You could see a kobold.

Vanquished Creatures
  3 dart slugs (D:1)
  A leopard gecko (D:1)
  3 hobgoblins (D:1)
  3 bats (D:1)
  3 goblins (D:1)
  3 kobolds (D:1)
  A rat (D:1)
17 creatures vanquished.

Notes
Turn   | Place    | Note
-------+----------+-------------------------------------------
     0 | D:1      | RaHiT the Human Wanderer began the quest for the Orb.
     0 | D:1      | RaHiT set off with: a +2 dagger, a potion of haste, a +0 quarterstaff, 12 poisoned needles, a +0 blowgun, a +0 robe, a bread ration
     0 | D:1      | Reached XP level 1. HP: 13/13 MP: 1/1
    91 | D:1      | Reached skill level 1 in Fighting
   200 | D:1      | Reached XP level 2. HP: 10/21 MP: 2/2
   579 | D:1      | Reached XP level 3. HP: 26/28 MP: 3/3
   687 | D:1      | Slain by a kobold

Skill      XL: |  1  2 |
---------------+-------+-----
Fighting       | 1 2 |  2.4
Long Blades    | |  2.0
Throwing       | |  1.0
Dodging        | |  3.0
Stealth        | |  3.0
Evocations     | |  1.0

Action                   || total
-------------------------++-------
Melee: Dagger            ||    86
Throw: Stone             ||     2
 Stab: Sleeping          ||     1
Armor: Robe              ||    19
Dodge: Dodged            ||    56
